 Dungeon Crawl Stone Soup version 0.25.1-2-g60ff931df9 (webtiles) character file.

Game seed: 8179763929090596228

169 gruber the Stinger (level 5, -2/31 HPs)
             Began as an Octopode Venom Mage on Sept 22, 2020.
             Slain by Natasha (9 damage)
             ... on level 4 of the Dungeon.
             The game lasted 00:05:23 (3936 turns).

gruber the Stinger (Octopode Venom Mage)            Turns: 3936, Time: 00:05:24

Health: -2/31      AC:  1    Str:  8    XL:     5   Next: 50%
Magic:  1/8        EV: 13    Int: 18    God:
Gold:   199        SH:  4    Dex: 12    Spells: 1/8 levels left

rFire    . . .     SeeInvis .   i - +2 dagger (venom)
rCold    . . .     Gourm    .   f - +0 buckler
rNeg     . . .     Faith    .   (helmet restricted)
rPois    .         Spirit   .   (no amulet)
rElec    .         Reflect  .   (no ring)
rCorr    .         Harm     .   (no ring)
MR       .....                  (no ring)
Stlth    +++.......             (no ring)
HPRegen  0.10/turn              (no ring)
MPRegen  0.11/turn              (no ring)
                                (no ring)
                                (no ring)

@: very slightly contaminated, hasted, very quick
A: almost no armour, stealthy swim, amphibious, 8 rings, constrict 8, camouflage
1, gelatinous body 1
a: no special abilities


You were on level 4 of the Dungeon.
You were not hungry.

You visited 1 branch of the dungeon, and saw 4 of its levels.

You collected 199 gold pieces.

Inventory:

Hand Weapons
 i - a +2 dagger of venom (weapon)
Missiles
 m - 6 curare-tipped darts (quivered)
Armour
 f - a +0 buckler (worn)
Wands
 a - a wand of digging (5)
Scrolls
 c - a scroll of remove curse {unknown}
 e - a scroll of magic mapping {unknown}
 g - 4 scrolls of identify {unknown}
 k - a scroll of immolation {unknown}
 o - 2 scrolls of random uselessness {unknown}
Potions
 h - a potion of haste
 j - a potion of degeneration {unknown}
 l - 2 potions of curing {unknown}
 n - a potion of magic {unknown}
Comestibles
 b - 6 rations


   Skills:
 - Level 2.0 Dodging
 - Level 2.6 Stealth
 - Level 3.0 Shields
 * Level 2.1 Spellcasting
 - Level 1.0 Transmutations
 - Level 6.0 Poison Magic


You had one spell level left.
You knew the following spells:

 Your Spells              Type           Power        Failure   Level  Hunger
a - Sting                 Tmut/Pois      ##..         4%          1    #......
b - Ignite Poison         Fire/Tmut/Pois ##......     22%         3    ###....
c - Mephitic Cloud        Conj/Pois/Air  #.......     26%         3    ###....

Your spell library contained the following spells:

 Spells                   Type           Power        Failure   Level  Hunger
 Poisonous Vapours        Pois/Air       ##....       9%          2    ###....
 Olgreb's Toxic Radiance  Pois           ###.....     17%         4    #####..


Dungeon Overview and Level Annotations

Branches:
Dungeon (4/15)
 Temple: D:4-7

Altars:

Annotations:
D:4 Natasha


Innate Abilities, Weirdness & Mutations

You cannot wear most types of armour.
You are very stealthy in the water. (Stealth+)
You are amphibious.
You can wear up to eight rings at the same time.
You can use your tentacles to constrict eight enemies at once.
Your skin changes colour to match your surroundings (Stealth+).
Your rubbery body absorbs attacks. (AC +1, EV +1)


Message History

Unknown command.
Unknown command.
It was a potion of haste.
You feel yourself speed up. Natasha closely misses you.
The shadow imp misses you.
Casting: Sting (safe; 4% risk of failure)
Confirm with . or Enter, or press ? or * to list all spells.
Aiming: Sting (safe; 4% risk of failure)
Press: ? - help, Shift-Dir - straight line, f/p - Natasha
Aim: Natasha (severely wounded, strong, extremely poisoned)
The sting misses Natasha.
Unknown command.
Unknown command.
Unknown command.
Casting: Sting (safe; 4% risk of failure)
Confirm with . or Enter, or press ? or * to list all spells.
The spell is quite dangerous to cast (22% risk of failure)!
Continue anyway?
You miscast Ignite Poison.
You are very lightly contaminated with residual magic.
Nothing appears to happen.
Natasha claws you!
You die...

#.######## #.....
#.# #..... #.#
#.#### #.# #.# #.#
#.# # #.# #.# #
#.# #.# # #5# #.#
# #@#
########.####
#h................
#############.....
######


You could see Natasha (strong, extremely poisoned) and a shadow imp (summoned).

Vanquished Creatures
  A hound (D:3)
  4 adders (D:2)
  2 oozes
  4 worms (D:2)
  4 dart slugs
  4 leopard geckos (D:1)
  2 giant cockroaches
  9 goblins
  8 hobgoblins
  8 jackals
  A quokka (D:3)
  7 bats
  9 frilled lizards
  6 kobolds
  7 rats
76 creatures vanquished.

Notes
Turn   | Place    | Note
-------+----------+-------------------------------------------
     0 | D:1      | gruber the Octopode Venom Mage began the quest for the Orb.
     0 | D:1      | Reached XP level 1. HP: 11/11 MP: 3/3
    94 | D:1      | Reached skill level 4 in Poison Magic
    98 | D:1      | Reached XP level 2. HP: 15/17 MP: 5/5
   768 | D:1      | Reached XP level 3. HP: 21/21 MP: 6/6
   771 | D:1      | Reached skill level 1 in Shields
  1531 | D:2      | Reached XP level 4. HP: 26/27 MP: 7/7
  1821 | D:2      | Learned a level 3 spell: Ignite Poison
  1829 | D:2      | Learned a level 3 spell: Mephitic Cloud
  1896 | D:2      | Reached skill level 5 in Poison Magic
  2314 | D:2      | Reached XP level 5. HP: 10/31 MP: 3/8
  3265 | D:3      | Reached skill level 6 in Poison Magic
  3665 | D:4      | Noticed a slave
  3921 | D:4      | Noticed Natasha
  3936 | D:4      | Slain by Natasha

Illustrated notes

Levels and vault maps discovered:
D:1:      minmay_arrival_four_houses, layout_basic
D:2:      layout_loops_ring, grunt_ministairs_2, grunt_decor_resistance,
          minmay_tetromino_s2
D:3:      layout_basic, st_stairs_13
D:4:      layout_loops_ring, gup_sewer_entry_spiral, uniq_grinder, uniq_pikel,
          uniq_natasha

Skill      XL: |  1  2  3  4  5 |
---------------+----------------+-----
Poison Magic   | 4 5 6 |  6.0
Shields        | 2 3 |  3.0
Dodging        | |  2.0
Stealth        | |  2.6
Spellcasting   | |  2.1
Transmutations | |  1.0

Action                   |  1- 3 |  4- 6 || total
-------------------------+-------+-------++-------
Melee: Unarmed           |    46 |       ||    46
       Constrict         |    21 |    22 ||    43
       Tentacles         |    13 |    14 ||    27
       Short sword       |    29 |       ||    29
       Dagger            |    15 |    90 ||   105
 Cast: Sting             |     3 |    14 ||    17
  Use: Potion            |       |     2 ||     2
 Stab: Sleeping          |    15 |     7 ||    22
  Eat: Chunk             |     2 |     8 ||    10
Armor: Skin              |     9 |    15 ||    24
Dodge: Dodged            |    48 |    60 ||   108
Block: Buckler           |     3 |    21 ||    24
